 Dungeon Crawl Stone Soup version 0.28.0-53-g5a82cb258f (webtiles) character file.

Game seed: 4275964401937315963

17 Kranky the Protected (level 2, 19/23 HPs)
             Began as a Gnoll Wanderer on June 18, 2022.
             Was a Follower of Kikubaaqudgha.
             Quit the game on level 1 of the Dungeon.
             The game lasted 00:00:51 (241 turns).

Kranky the Protected (Gnoll Wanderer)                Turns: 241, Time: 00:00:51

Health: 19/23      AC: 11    Str: 17    XL:     2   Next: 62%
Magic:  2/2        EV:  7    Int:  7    God:    Kikubaaqudgha [*.....]
Gold:   38         SH:  0    Dex:  9    Spells: 2/2 levels left

rFire   . . .      SeeInvis .   a - +0 mace
rCold   . . .      Faith    .   (no shield)
rNeg    . . .      Spirit   .   b - +0 chain mail
rPois   .          Reflect  .   (no helmet)
rElec   .          Harm     .   (no cloak)
rCorr   .          Rampage  .   (no gloves)
Will    .....                   (no boots)
Stlth   ..........              (no amulet)
HPRegen 0.07/turn               (no ring)
MPRegen 0.08/turn               (no ring)

@: no status effects
A: fangs 1, strong nose, distributed training
a: Renounce Religion, Receive Corpses


You were on level 1 of the Dungeon.
You worshipped Kikubaaqudgha.
Kikubaaqudgha was aware of your devotion.
You visited 1 branch of the dungeon, and saw 1 of its levels.

You collected 38 gold pieces.

Inventory:

Hand Weapons
 a - a +0 mace (weapon)
Armour
 b - a +0 chain mail (worn)
Potions
 c - a potion of attraction
 d - a potion of flight {unknown}


   Skills:
 + Level 2.5 Fighting
 + Level 0.5 Short Blades
 + Level 0.5 Long Blades
 + Level 0.5 Axes
 + Level 6.5 Maces & Flails
 + Level 0.5 Polearms
 + Level 0.5 Staves
 + Level 0.5 Slings
 + Level 0.5 Bows
 + Level 0.5 Crossbows
 + Level 0.5 Throwing
 + Level 8.5 Armour
 + Level 0.5 Dodging
 + Level 2.3 Stealth
 + Level 0.5 Shields
 + Level 0.5 Unarmed Combat
 + Level 0.5 Spellcasting
 + Level 0.3 Conjurations
 + Level 0.3 Hexes
 + Level 0.3 Summonings
 + Level 0.3 Necromancy
 + Level 0.3 Translocations
 + Level 0.3 Transmutations
 + Level 0.3 Fire Magic
 + Level 0.3 Ice Magic
 + Level 0.3 Air Magic
 + Level 0.3 Earth Magic
 + Level 0.3 Poison Magic
 + Level 0.6 Invocations
 + Level 2.5 Evocations


You had 2 spell levels left.
You didn't know any spells.
Your spell library contained the following spells:

 Spells                   Type           Power      Damage    Failure   Level
 Animate Skeleton         Necr           0%         N/A       99%         1
 Pain                     Necr           0%         1d4       99%         1
 Sublimation of Blood     Necr           0%         N/A       99%         2
 Vampiric Draining        Necr           0%         2d6       100%        3


Dungeon Overview and Level Annotations

Branches:
Dungeon (1/15)

Altars:
Kikubaaqudgha

Shops:
D:1 !


Innate Abilities, Weirdness & Mutations

You have very sharp teeth.
Your uncanny sense of smell can sniff out nearby items.
Your experience applies equally to all skills.


Message History

The frilled lizard is caught in a web!
Unknown command.
You hit the bat.
You kill the bat!
The rat bites you but does no damage.
The frilled lizard struggles to get unstuck from the web.
Unknown command.
You closely miss the rat. The rat completely misses you.
The frilled lizard struggles to get unstuck from the web.
The rat bites you but does no damage.
You sock the rat!
You kill the rat!
The frilled lizard struggles to get unstuck from the web.
The frilled lizard pulls away from the web.
You see here a jackal corpse.
You miss the frilled lizard. The frilled lizard closely misses you.
Unknown command.
You miss the frilled lizard. You bite the frilled lizard.
The frilled lizard is heavily wounded.
The frilled lizard bites you but does no damage.
Unknown command.
You completely miss the frilled lizard. You bite the frilled lizard.
You kill the frilled lizard!
Unknown command.
No target in view!
Unknown command.
No target in view!
Unknown command.
No target in view!
There is a faded altar of an unknown god here.
You see here a jackal corpse.
There is a faded altar of an unknown god here.
You see here a jackal corpse.
You cannot tell which god this altar belongs to.
Convert to them anyway?
Kikubaaqudgha accepts your prayer! Kikubaaqudgha welcomes you!
You can now receive cadavers from Kikubaaqudgha.
Kikubaaqudgha grants you a gift!
You add the spells Animate Skeleton, Pain, Sublimation of Blood and Vampiric Draining to your library.
Are you sure you want to abandon this character and quit the game? (Confirm with "yes".)

####### ##.....#####
...........# ##.#.###.#.##
#######
.........#..#####.....####
....)........†.>+.....:...
.........##..##.^...[..#
.###.#.#.###.#.^@......#
...........#....†^.....#
.#.###.#.####.###......#
...# #...####.####.......
.#.#####.......# #........
...............###........
######......†...##........
#........#.##.......
#.)..#.....#..# ##+#


There were no monsters in sight!

Vanquished Creatures
  A dart slug (D:1)
  A ball python (D:1)
  An endoplasm (D:1)
  A goblin (D:1)
  4 jackals (D:1)
  A quokka (D:1)
  A bat (D:1)
  A frilled lizard (D:1)
  3 rats (D:1)
14 creatures vanquished.

Notes
Turn   | Place    | Note
-------+----------+-------------------------------------------
     0 | D:1      | Kranky the Gnoll Wanderer began the quest for the Orb.
     0 | D:1      | Kranky set off with the following items: a +0 mace, a +0
                  | chain mail, a potion of attraction
     0 | D:1      | Reached XP level 1. HP: 17/17 MP: 1/1
    24 | D:1      | Found Fevabim's Distillery.
   166 | D:1      | Reached XP level 2. HP: 20/23 MP: 2/2
   211 | D:1      | Found a faded altar of an unknown god.
   240 | D:1      | Prayed at the altar of an unknown god.
   240 | D:1      | Became a worshipper of Kikubaaqudgha
   240 | D:1      | Reached * piety under Kikubaaqudgha
   240 | D:1      | Received a gift from Kikubaaqudgha
   241 | D:1      | Quit the game

Illustrated notes

Levels and vault maps discovered:
D:1:      pf_arrival_petrified_forest, layout_basic, serial_shops,
          nicolae_shop_behind_doors, ebering_ecumenical_altar_webs,
          serial_bayou_lake_a

Action                   || total
-------------------------++-------
Melee: Mace              ||    33
       Bite              ||     2
Armor: Chain mail        ||    22
Dodge: Dodged            ||    13
